[Event "Titled Tuesday Blitz January 03 Late 2023"]
[White "Ward, Ieuan C"]
[Black "Altman, Joshua"]
[WhiteFideId "406627"]
[BlackFideId "426210"]
[WhiteElo "2028"]
[BlackElo "2120"]
[Result "1-0"]
[Round "03"]
[TimeControl "180+2"]
[Date "2023.01.03"]
[WhiteClock "0:00:13"]
[BlackClock "0:00:02"]

1. e4 e6 2. d4 d5 3. exd5 exd5 4. Bd3 Nc6 5. c3 Bd6 6. Nf3 Nge7 7. Bg5 Bg4 8. Bh4 Qd7 9. Bg3 f6 10. Nbd2 O-O-O 11. Bxd6 Qxd6 12. Qc2 Kb8 13. O-O-O a6 14. Kb1 h5 15. h3 Bc8 16. Rde1 g5 17. g3 Rhe8 18. h4 g4 19. Nh2 f5 20. Nb3 b6 21. Qd2 Ng6 22. Qg5 Rg8 23. Qxh5 f4 24. Nxg4 fxg3 25. fxg3 Qxg3 26. Bxg6 Bxg4 27. Qg5 Qf3 28. h5 Bc8 29. Rhf1 Qh3 30. Qe3 Qh4 31. Ka1 Bg4 32. Rh1 Qf6 33. a3 Qd6 34. Ka2 Rdf8 35. Rhf1 Rc8 36. Rg1 Bd7 37. Qg3 Qf6 38. Qg5 Qh8 39. Qxd5 Rcd8 40. Qe4 a5 41. d5 Na7 42. Nd4 a4 43. Nc6+ Nxc6 44. dxc6 Bc8 45. Qxa4 Qf6 46. Qe4 Qd6 47. Ka1 Rg7 48. Qe5 Qf8 49. Rgf1 Qg8 50. Qh2 Qb3 51. Qc2 Qc4 52. h6 1-0


[Site "https://www.chess.com"]

[Event "Titled Tuesday Blitz January 03 Late 2023"]
[White "Goltseva, Ekaterina"]
[Black "Onslow, Alfie"]
[WhiteFideId "24173770"]
[BlackFideId "436976"]
[WhiteElo "2283"]
[BlackElo "2157"]
[Result "1-0"]
[Round "03"]
[TimeControl "180+2"]
[Date "2023.01.03"]
[WhiteClock "0:00:14"]
[BlackClock "0:00:05"]

1. e4 g6 2. d4 Bg7 3. Nc3 c6 4. Be3 d5 5. f3 dxe4 6. fxe4 e5 7. d5 cxd5 8. Qxd5 Qh4+ 9. Bf2 Qe7 10. Bc5 Qe6 11. O-O-O Nc6 12. Nb5 Qd7 13. Qxd7+ Bxd7 14. Nc7+ Kd8 15. Nxa8 Nf6 16. Bd3 Kc8 17. Nf3 Re8 18. Bd6 Bf8 19. Bxf8 Rxf8 20. Rhf1 Ng4 21. Rd2 Kb8 22. Nb6 axb6 23. Bc4 Kc7 24. Bd5 Ne3 25. Re1 Ng4 26. Bxc6 bxc6 27. h3 Nf6 28. Nxe5 Be6 29. b3 Re8 30. Nf3 Bc8 31. e5 Nd5 32. Kb2 b5 33. a3 h6 34. Nd4 Bd7 35. Nxb5+ cxb5 36. Rxd5 Bc6 37. Rd2 f6 38. e6 f5 39. Rf2 Re7 40. g4 Be4 41. gxf5 gxf5 42. Rg1 Rxe6 43. Rg7+ Kc6 44. Rd2 f4 45. Rf7 f3 46. c4 bxc4 47. bxc4 Rg6 48. Kc3 Rg3 49. Kd4 Bg6 50. Rf6+ Kc7 51. Rf2 Bh5 52. Rxh6 Rxh3 53. a4 Rh4+ 54. Kc3 Rh3 55. a5 Kb7 56. a6+ Ka7 57. Kb4 Rh4 58. Rxf3 Rxc4+ 59. Kxc4 Bxf3 60. Kb5 Be2+ 61. Ka5 Bf3 62. Rh7+ Kb8 63. Kb6 Bg4 64. Rh8+ Bc8 65. a7+ Ka8 66. Rxc8# 1-0


[Site "https://www.chess.com"]

[Event "Titled Tuesday Blitz January 03 Late 2023"]
[White "Bilan, Danila"]
[Black "Itkis, Boris"]
[WhiteFideId "24161918"]
[BlackFideId "1209167"]
[WhiteElo "2303"]
[BlackElo "2329"]
[Result "1-0"]
[Round "03"]
[TimeControl "180+2"]
[Date "2023.01.03"]
[WhiteClock "0:00:26"]
[BlackClock "0:00:55"]

1. d4 d5 2. Nf3 Nf6 3. c4 dxc4 4. e3 a6 5. Bxc4 b5 6. Be2 Bb7 7. O-O e6 8. a4 b4 9. Nbd2 Nbd7 10. Nc4 c5 11. dxc5 Nxc5 12. Bd2 a5 13. Nce5 Be7 14. Bb5+ Kf8 15. Rc1 Rc8 16. Qe2 Qb6 17. Ng5 h6 18. Ngxf7 Rh7 19. Nc4 Qc7 20. Nfe5 Be4 21. f3 Bd5 22. e4 Bb7 23. Ng6+ Kf7 24. Bf4 Qd8 25. Rfd1 Kxg6 26. Rxd8 Rxd8 27. Ne5+ Kh5 28. g4+ 1-0


[Site "https://www.chess.com"]

[Event "Titled Tuesday Blitz January 03 Late 2023"]
[White "Broca Jimenez, Fernando"]
[Black "Danielyan, Vahe"]
[WhiteFideId "5104742"]
[BlackFideId "13304828"]
[WhiteElo "2075"]
[BlackElo "2346"]
[Result "1/2-1/2"]
[Round "03"]
[TimeControl "180+2"]
[Date "2023.01.03"]
[WhiteClock "0:00:08"]
[BlackClock "0:00:48"]

1. e4 d6 2. c4 Nf6 3. Nc3 e5 4. Nf3 g6 5. d4 exd4 6. Nxd4 Bg7 7. Be2 O-O 8. Be3 Re8 9. f3 c6 10. O-O d5 11. cxd5 cxd5 12. Bd3 Nc6 13. Nxc6 bxc6 14. Bg5 Qb6+ 15. Kh1 Qxb2 16. Na4 Qa3 17. Rc1 dxe4 18. fxe4 Bg4 19. Qc2 Nd7 20. Bc4 Ne5 21. Bb3 c5 22. Qxc5 Qxc5 23. Rxc5 Be6 24. Bxe6 Rxe6 25. Rc7 h6 26. Be3 Ra6 27. Nc3 Re8 28. Bd4 Ra3 29. Nd5 Rd3 30. Bxe5 Bxe5 31. Rcxf7 Rd2 32. h3 Rxa2 33. Nf6+ Bxf6 34. R1xf6 Ra5 35. Rb7 Rg5 36. Rff7 Rxe4 37. Rg7+ Kf8 38. Rbf7+ Ke8 39. Rxa7 Kf8 40. Raf7+ Ke8 41. Ra7 Kf8 42. Rh7 Kg8 43. Rhg7+ Kh8 44. Rh7+ Kg8 45. Rhg7+ Kf8 1/2-1/2


[Site "https://www.chess.com"]

[Event "Titled Tuesday Blitz January 03 Late 2023"]
[White "Fernandez Hernandez, Gerardo"]
[Black "Riff, Vincent"]
[WhiteFideId "2207400"]
[BlackFideId "617776"]
[WhiteElo "2181"]
[BlackElo "2383"]
[Result "0-1"]
[Round "03"]
[TimeControl "180+2"]
[Date "2023.01.03"]
[WhiteClock "0:00:04"]
[BlackClock "0:00:48"]

1. e4 c5 2. d3 Nc6 3. g3 d5 4. Nd2 Nf6 5. Bg2 Bg4 6. f3 Bh5 7. Ne2 e5 8. O-O Be7 9. h3 O-O 10. g4 Bg6 11. Ng3 c4 12. dxc4 dxe4 13. Ndxe4 Nxe4 14. fxe4 Qb6+ 15. Kh2 Rad8 16. Qe2 Nd4 17. Qf2 Bh4 18. c3 Bxg3+ 19. Kxg3 Ne6 20. Qxb6 axb6 21. Be3 Rd3 22. Kf2 h5 23. Ke2 Rd6 24. Rad1 Rc6 25. b3 hxg4 26. hxg4 f6 27. Rd7 Rf7 28. Rfd1 b5 29. cxb5 Rxc3 30. Rxf7 Bxf7 31. Rc1 Nd4+ 32. Kd2 Rxc1 33. Kxc1 Nxb5 34. Bf1 Nd6 35. Kd2 Nxe4+ 36. Kd3 Nd6 37. Bg2 Be6 38. Bc5 e4+ 39. Bxe4 Nxe4 40. Kxe4 Bxg4 41. b4 Kf7 42. a4 Ke6 43. a5 Be2 44. Kf4 g5+ 45. Kg3 f5 46. Kf2 Bb5 47. Kg3 Kf6 48. Bd4+ Kg6 49. Be5 f4+ 50. Kg4 Bd7+ 51. Kf3 Kf5 52. Bd4 g4+ 53. Kg2 g3 0-1


[Site "https://www.chess.com"]

[Event "Titled Tuesday Blitz January 03 Late 2023"]
[White "Wang, Alexander J"]
[Black "Gurevich, Dmitry"]
[WhiteFideId "30955270"]
[BlackFideId "2000407"]
[WhiteElo "1815"]
[BlackElo "2393"]
[Result "1/2-1/2"]
[Round "03"]
[TimeControl "180+2"]
[Date "2023.01.03"]
[WhiteClock "0:00:57"]
[BlackClock "0:00:09"]

1. e4 c5 2. Nf3 d6 3. d4 cxd4 4. Nxd4 Nf6 5. Nc3 Nc6 6. g3 g6 7. Bg2 Nxd4 8. Qxd4 Bg7 9. O-O O-O 10. Qd1 Qc7 11. h3 Rb8 12. a4 a6 13. Be3 Be6 14. f4 Rfc8 15. Rc1 b5 16. axb5 axb5 17. Nd5 Bxd5 18. exd5 b4 19. Bd4 Nd7 20. Bxg7 Kxg7 21. Qd4+ Nf6 22. g4 Qc5 23. Rfd1 Qxd4+ 24. Rxd4 Rc5 25. g5 Nh5 26. Kf2 Rbc8 27. Rxb4 Rxc2+ 28. Rxc2 Rxc2+ 29. Kg1 h6 30. gxh6+ Kxh6 31. Bf3 Ng3 32. Rb7 Nf5 33. Be4 Re2 34. Bxf5 gxf5 35. b4 Kg7 36. b5 Kf6 37. b6 Rb2 38. Rb8 Rb4 39. b7 Kg7 40. h4 Rb2 41. Kf1 Rb4 42. Ke2 Re4+ 43. Kd3 Rb4 44. Kc3 Rb6 45. Kc4 Kh7 46. Rf8 Rxb7 47. Rxf7+ Kg6 48. Rf8 Ra7 49. h5+ Kxh5 50. Rxf5+ Kg4 51. Rf7 Ra4+ 52. Kb5 Re4 53. Kc6 Kf3 54. Kd7 Rd4 55. Kc6 Re4 56. Kd7 Rd4 57. Kc6 Re4 1/2-1/2


[Site "https://www.chess.com"]

[Event "Titled Tuesday Blitz January 03 Late 2023"]
[White "Aguilar, Juan"]
[Black "Nissinen, Niilo Man"]
[WhiteFideId "3800091"]
[BlackFideId "30950767"]
[WhiteElo "2254"]
[BlackElo "1958"]
[Result "1-0"]
[Round "03"]
[TimeControl "180+2"]
[Date "2023.01.03"]
[WhiteClock "0:00:12"]
[BlackClock "0:00:04"]

1. g3 g6 2. Bg2 Bg7 3. d3 d5 4. Nf3 c6 5. O-O Nf6 6. c3 O-O 7. Qa4 a5 8. Qh4 Nbd7 9. Bh6 Re8 10. Nbd2 Nf8 11. e4 e5 12. Rfe1 d4 13. cxd4 exd4 14. Bxg7 Kxg7 15. e5 Ng4 16. Qxd8 Rxd8 17. Nb3 Bf5 18. Rad1 Ne6 19. h3 Nh6 20. g4 Nxg4 21. hxg4 Bxg4 22. Rc1 Bf5 23. Nc5 Nf4 24. Bf1 b6 25. Nb7 Rd7 26. Nd6 Bxd3 27. Rxc6 b5 28. Nxd4 b4 29. Rd1 Bxf1 30. Kxf1 a4 31. N4f5+ Kf8 32. Nh6 Kg7 33. Nhxf7 Rxf7 34. Nxf7 Kxf7 35. Rd7+ Kg8 36. Rc4 b3 37. axb3 g5 38. bxa4 Rb8 39. b4 Re8 40. a5 Rxe5 41. Rc8+ 1-0


[Site "https://www.chess.com"]

[Event "Titled Tuesday Blitz January 03 Late 2023"]
[White "Tamarozi, Isabelle"]
[Black "Mei, Austin"]
[WhiteFideId "2132400"]
[BlackFideId "30948479"]
[WhiteElo "1982"]
[BlackElo "2218"]
[Result "0-1"]
[Round "03"]
[TimeControl "180+2"]
[Date "2023.01.03"]
[WhiteClock "0:00:01"]
[BlackClock "0:01:12"]

1. e4 e5 2. Nf3 Nc6 3. Bb5 a6 4. Ba4 Nf6 5. d3 d6 6. c3 g6 7. Nbd2 Bg7 8. Nf1 O-O 9. Ne3 b5 10. Bc2 d5 11. exd5 Nxd5 12. Nxd5 Qxd5 13. Bb3 Qd6 14. h3 Bf5 15. O-O Qxd3 16. Qxd3 Bxd3 17. Bd5 e4 18. Bxc6 exf3 19. Re1 Rad8 20. Bxf3 Rfe8 21. Bg5 f6 22. Bf4 c5 23. Bb7 Rxe1+ 24. Rxe1 b4 25. cxb4 cxb4 26. Re7 Bf8 27. Re6 Kf7 28. Rb6 Bc5 29. Rc6 Bd4 30. Bxa6 Bxa6 31. Rxa6 Bxb2 32. Ra7+ Ke6 33. Rxh7 Rd1+ 34. Kh2 Ra1 35. Ra7 Ba3 36. Ra6+ Kf5 37. Be3 Rxa2 38. g4+ Ke4 39. Rxf6 b3 40. Rb6 b2 41. Kg3 Ra1 42. Re6+ Kd5 43. Rxg6 b1=Q 44. Rg5+ Ke6 0-1


[Site "https://www.chess.com"]

[Event "Titled Tuesday Blitz January 03 Late 2023"]
[White "Sreyas Payyappat"]
[Black "Li, Ruifeng"]
[WhiteFideId "46674969"]
[BlackFideId "2061074"]
[WhiteElo "2076"]
[BlackElo "2541"]
[Result "1-0"]
[Round "03"]
[TimeControl "180+2"]
[Date "2023.01.03"]
[WhiteClock "0:00:48"]
[BlackClock "0:00:01"]

1. e4 d5 2. exd5 Nf6 3. d4 Nxd5 4. c4 Nb6 5. Nf3 g6 6. Be3 Bg7 7. Nc3 O-O 8. Be2 Bg4 9. O-O c6 10. Rc1 Bxf3 11. Bxf3 Nxc4 12. d5 Nxe3 13. fxe3 cxd5 14. Nxd5 Nc6 15. Qb3 Na5 16. Qb4 e6 17. Nc7 Nc6 18. Qxb7 Rb8 19. Qxc6 Rxb2 20. Rcd1 Qg5 21. Kh1 Qxe3 22. Bg4 Rb6 23. Qd7 Qe4 24. Bh3 h5 25. Rde1 Qb7 26. Rc1 Be5 27. Qe7 Bd6 28. Qd7 Be5 29. a4 Rb3 30. Bxe6 Rb2 31. Bxf7+ Kh8 32. Bd5 Qb8 33. Rxf8+ Qxf8 34. Ne6 Qg8 35. Ng5 Qf8 36. Qh7# 1-0


[Site "https://www.chess.com"]

[Event "Titled Tuesday Blitz January 03 Late 2023"]
[White "Kosteniuk, Alexandra"]
[Black "Zilleruelo Irizarry, Diego"]
[WhiteFideId "4128125"]
[BlackFideId "3101460"]
[WhiteElo "2535"]
[BlackElo "2135"]
[Result "1-0"]
[Round "03"]
[TimeControl "180+2"]
[Date "2023.01.03"]
[WhiteClock "0:01:06"]
[BlackClock "0:00:15"]

1. Nf3 d5 2. g3 e6 3. Bg2 Nf6 4. d4 Be7 5. c4 O-O 6. O-O c6 7. b3 Nbd7 8. Nc3 b6 9. Qc2 Bb7 10. Rd1 Rc8 11. Ne5 Qc7 12. Bf4 Nxe5 13. Bxe5 Bd6 14. Bxf6 gxf6 15. e4 Be7 16. Qe2 dxc4 17. bxc4 c5 18. d5 Qe5 19. Rac1 f5 20. f4 Qf6 21. e5 Qg6 22. d6 Bxg2 23. Qxg2 Bd8 24. Nb5 a6 25. Na7 Rb8 26. Nc6 Rc8 27. d7 Rc7 28. Rd6 h5 29. Rcd1 Kh7 30. R1d3 Rg8 31. Nxd8 Rxd8 32. a4 a5 33. Qd2 Qg4 34. Kg2 h4 35. h3 Qg7 36. Kh2 Rg8 37. Qf2 Rd8 38. gxh4 Qh6 39. Qg3 Qh5 40. Rd2 Rb7 41. R6d3 Rbb8 42. Qg5 Qxg5 43. hxg5 Kg6 44. Rd6 Kh5 45. Kg3 Kg6 46. Rb2 Kg7 47. h4 Kf8 48. h5 Ke7 49. Rbd2 Rb7 50. h6 Rbb8 51. Kh4 Kf8 52. Kh5 Kg8 53. g6 fxg6+ 54. Kxg6 Kf8 55. Rxe6 Rb7 56. h7 1-0


[Site "https://www.chess.com"]

[Event "Titled Tuesday Blitz January 03 Late 2023"]
[White "Liu, Casper"]
[Black "Rostomyan, Mikayel"]
[WhiteFideId "1454153"]
[BlackFideId "13313754"]
[WhiteElo "2278"]
[BlackElo "2222"]
[Result "0-1"]
[Round "03"]
[TimeControl "180+2"]
[Date "2023.01.03"]
[WhiteClock "0:00:25"]
[BlackClock "0:01:22"]

1. e4 c5 2. Nc3 Nc6 3. g3 g6 4. Bg2 Bg7 5. Nge2 d6 6. O-O e5 7. d3 Nge7 8. f4 O-O 9. Nd5 Nxd5 10. exd5 Ne7 11. fxe5 Bxe5 12. c3 Bg7 13. Bg5 Qc7 14. Qa4 a6 15. Rae1 b5 16. Qc2 h6 17. Bd2 c4 18. dxc4 bxc4 19. Nf4 Bf5 20. Be4 Rfe8 21. Bxf5 Nxf5 22. g4 Qc5+ 23. Kh1 Ne3 24. Bxe3 Rxe3 25. Qf2 Rae8 26. Ne6 Qxd5+ 27. Qg2 Qxg2+ 28. Kxg2 R8xe6 0-1


[Site "https://www.chess.com"]

[Event "Titled Tuesday Blitz January 03 Late 2023"]
[White "Gatterer, Florian"]
[Black "Martinez, Marcel"]
[WhiteFideId "811688"]
[BlackFideId "2016249"]
[WhiteElo "2170"]
[BlackElo "2402"]
[Result "1/2-1/2"]
[Round "03"]
[TimeControl "180+2"]
[Date "2023.01.03"]
[WhiteClock "0:00:14"]
[BlackClock "0:00:36"]

1. Nf3 d5 2. d4 c6 3. Bf4 Qb6 4. Qc1 Bf5 5. e3 Nd7 6. Be2 h6 7. O-O Ngf6 8. c4 e6 9. c5 Qd8 10. h3 Be7 11. Nbd2 O-O 12. b4 Qc8 13. Qc3 Bd8 14. Bd3 Bxd3 15. Qxd3 Bc7 16. Bxc7 Qxc7 17. e4 dxe4 18. Nxe4 Nxe4 19. Qxe4 a5 20. a3 Rfd8 21. Rab1 axb4 22. axb4 Ra4 23. Qc2 Rda8 24. b5 Ra2 25. Rb2 Rxb2 26. Qxb2 cxb5 27. Qxb5 Ra7 28. Rb1 g5 29. Kh1 Kg7 30. Kg1 Nf6 31. Qb6 Qxb6 32. Rxb6 Nd5 33. Rb2 f6 34. g3 Kg6 35. Kg2 h5 36. Re2 f5 37. Rb2 g4 38. Ne5+ Kf6 39. Nd7+ Ke7 40. Ne5 Nf6 41. c6 b5 42. Rxb5 Rc7 43. Rb7 Kd6 44. hxg4 hxg4 45. Rxc7 Kxc7 46. f3 gxf3+ 47. Kxf3 Kd6 48. Kf4 Nh5+ 49. Kf3 Nf6 50. Kg2 Nd5 51. Kf3 Nb4 52. g4 fxg4+ 53. Kxg4 Nc2 54. Kg5 Nxd4 55. Kf6 Nb5 56. Nf7+ Kxc6 57. Kxe6 1/2-1/2


[Site "https://www.chess.com"]

[Event "Titled Tuesday Blitz January 03 Late 2023"]
[White "Saya, Ethan"]
[Black "Martynov, Pavel"]
[WhiteFideId "26095181"]
[BlackFideId "4101260"]
[WhiteElo "2181"]
[BlackElo "2414"]
[Result "0-1"]
[Round "03"]
[TimeControl "180+2"]
[Date "2023.01.03"]
[WhiteClock "0:02:27"]
[BlackClock "0:02:16"]

1. e4 c5 2. Nf3 e6 3. d4 cxd4 4. Nxd4 Nc6 5. Nc3 Qc7 6. g3 a6 7. Bg2 d6 8. O-O Bd7 9. Be3 Be7 10. Nxc6 bxc6 11. Bd4 e5 12. Be3 h5 13. Qd2 h4 14. Rad1 Nf6 15. Bg5 hxg3 16. fxg3 Rd8 17. Bxf6 gxf6 18. b3 Bg4 19. Rde1 Qb6+ 20. Qf2 Qa5 21. Nd1 d5 22. exd5 Bxd1 23. Rxd1 Bc5 0-1


[Site "https://www.chess.com"]

[Event "Titled Tuesday Blitz January 03 Late 2023"]
[White "Prydun, Andriy"]
[Black "Poliakova, Varvara"]
[WhiteFideId "14145898"]
[BlackFideId "13518313"]
[WhiteElo "2134"]
[BlackElo "2010"]
[Result "0-1"]
[Round "03"]
[TimeControl "180+2"]
[Date "2023.01.03"]
[WhiteClock "0:00:03"]
[BlackClock "0:00:22"]

1. e4 e5 2. Nf3 Nc6 3. Nc3 Nf6 4. Bb5 Nd4 5. Bc4 d6 6. h3 Be7 7. d3 O-O 8. Nxd4 exd4 9. Ne2 c5 10. Bg5 h6 11. Bxf6 Bxf6 12. O-O Be6 13. Nf4 Qd7 14. Nd5 Bd8 15. a4 Ba5 16. Qf3 a6 17. Qg3 Kh7 18. f4 f5 19. b4 Bxb4 20. Nb6 Qf7 21. Bxe6 Qxe6 22. Nxa8 Rxa8 23. Qf3 Bd2 24. exf5 Be3+ 25. Kh1 Qf7 26. f6 gxf6 27. Rab1 Rb8 28. Rb6 Qc7 29. Rfb1 d5 30. Qxd5 Qxf4 31. Rxb7+ Rxb7 32. Rxb7+ Kg6 33. Qg8+ Kh5 34. Qd5+ Kg6 35. Rb1 Bd2 36. Qf3 Qxf3 37. gxf3 a5 38. Rb7 Kf5 39. Kg2 Kf4 40. Re7 Bb4 41. Re4+ Kf5 42. Rh4 Kg5 43. Rg4+ Kf5 44. Re4 Bd2 45. Re8 Bb4 46. h4 Kf4 47. Rh8 Ke3 48. Rxh6 Kd2 49. Rxf6 Kxc2 50. h5 Bd2 51. f4 Kxd3 52. h6 c4 53. h7 c3 54. Rc6 c2 55. Rxc2 Kxc2 56. h8=Q d3 57. f5 Bc3 58. Qd8 d2 59. Kf3 d1=Q+ 60. Qxd1+ Kxd1 61. Ke4 Kc2 62. Kd5 Kb3 63. Kc6 Kxa4 64. Kb6 Kb4 0-1


[Site "https://www.chess.com"]

[Event "Titled Tuesday Blitz January 03 Late 2023"]
[White "Gonzalez, Francisco Silva"]
[Black "Al-Tarboush, Ward"]
[WhiteFideId "1512285"]
[BlackFideId "7601450"]
[WhiteElo "2021"]
[BlackElo "2256"]
[Result "0-1"]
[Round "03"]
[TimeControl "180+2"]
[Date "2023.01.03"]
[WhiteClock "0:01:31"]
[BlackClock "0:00:38"]

1. d4 d5 2. c4 c6 3. Nc3 Nf6 4. e3 e6 5. Nf3 Nbd7 6. Bd3 dxc4 7. Bxc4 b5 8. Be2 Bd6 9. O-O O-O 10. e4 e5 11. Bg5 h6 12. dxe5 Nxe5 13. Bh4 Qe7 14. Qc2 Bg4 15. Rad1 Nxf3+ 16. gxf3 Bh3 17. Rfe1 Qc7 18. Bg3 Bf4 19. Nxb5 Qe5 20. Nd6 h5 21. Nc4 Qg5 22. Bf1 Bxf1 23. Kxf1 h4 24. Bxf4 Qxf4 25. Ke2 Rfe8 26. Ne3 Nh5 27. Rh1 Qe5 28. h3 Nf4+ 29. Kf1 Rad8 30. Rd2 Qb5+ 31. Kg1 Qg5+ 32. Kf1 Rxd2 33. Qxd2 Rd8 34. Qc2 Qb5+ 35. Kg1 Ne2+ 36. Kg2 Nd4 37. Qc3 Qg5+ 38. Ng4 Ne6 39. Qe3 Nf4+ 40. Kh2 Rd3 41. Qxa7 Rxf3 42. Rg1 Rxh3# 0-1


[Site "https://www.chess.com"]

[Event "Titled Tuesday Blitz January 03 Late 2023"]
[White "Jarocka, Liwia"]
[Black "Kuegel, Tobias"]
[WhiteFideId "21807558"]
[BlackFideId "4636295"]
[WhiteElo "2225"]
[BlackElo "2332"]
[Result "1-0"]
[Round "03"]
[TimeControl "180+2"]
[Date "2023.01.03"]
[WhiteClock "0:00:39"]
[BlackClock "0:00:03"]

1. e4 e5 2. Bc4 Nf6 3. d3 Nc6 4. Nf3 Bc5 5. c3 O-O 6. Bb3 d5 7. exd5 Nxd5 8. O-O Bg4 9. h3 Bh5 10. Re1 f6 11. Nbd2 Bf7 12. Ne4 Bb6 13. d4 exd4 14. cxd4 Re8 15. a3 Qd7 16. Nc5 Bxc5 17. dxc5 Rxe1+ 18. Qxe1 Re8 19. Qd1 Rd8 20. Qc2 Bg6 21. Qc4 Bf7 22. Bd2 Kh8 23. Re1 Bg8 24. Qb5 b6 25. cxb6 cxb6 26. Ba4 Rc8 27. Rd1 Nde7 28. Bb4 Qf5 29. Bxe7 Nxe7 30. Qxf5 Nxf5 31. Rd3 Rc1+ 32. Kh2 h5 33. Rd7 Rb1 34. Bc2 Rxb2 35. Bxf5 Rb3 36. Rd8 Rxa3 37. Be6 1-0


[Site "https://www.chess.com"]

[Event "Titled Tuesday Blitz January 03 Late 2023"]
[White "Balint, Vilmos"]
[Black "Senthil, Maran K"]
[WhiteFideId "718050"]
[BlackFideId "25035681"]
[WhiteElo "2169"]
[BlackElo "2209"]
[Result "0-1"]
[Round "03"]
[TimeControl "180+2"]
[Date "2023.01.03"]
[WhiteClock "0:01:38"]
[BlackClock "0:01:45"]

1. d4 Nf6 2. Nc3 d5 3. Bf4 c6 4. Qd2 Bf5 5. O-O-O e6 6. f3 Bd6 7. g4 Bxf4 8. Qxf4 Bg6 9. h4 h6 10. Rh3 Nbd7 11. g5 hxg5 12. hxg5 Rxh3 13. Bxh3 Ng8 14. e4 Qb8 15. Qh4 Qh2 16. Nge2 O-O-O 17. Qg3 Qxg3 18. Nxg3 Ne7 19. Re1 Rh8 20. Bg4 Rh2 21. exd5 Rxc2+ 22. Kd1 Nxd5 23. Nge4 Rxb2 24. Rh1 Nxc3+ 25. Nxc3 b5 26. Rh8+ Kc7 27. f4 b4 28. Ne2 Rxa2 29. Rg8 b3 30. Nc3 Rc2 31. Na4 Nb6 0-1


[Site "https://www.chess.com"]

[Event "Titled Tuesday Blitz January 03 Late 2023"]
[White "Karas, Marek"]
[Black "Pino Perez, Lazaro"]
[WhiteFideId "14928558"]
[BlackFideId "3517055"]
[WhiteElo "2227"]
[BlackElo "2142"]
[Result "0-1"]
[Round "03"]
[TimeControl "180+2"]
[Date "2023.01.03"]
[WhiteClock "0:00:35"]
[BlackClock "0:00:41"]

1. e4 c5 2. Nc3 g6 3. f4 Bg7 4. Nf3 Nc6 5. Bc4 e6 6. O-O Nge7 7. Qe1 O-O 8. e5 Nf5 9. Ne4 d5 10. exd6 Ncd4 11. Nxd4 Nxd4 12. Qd1 b5 13. Be2 Bb7 14. Nxc5 Qb6 15. Nxb7 Nxe2+ 16. Kh1 Nxc1 17. Qxc1 Qxb7 18. c3 Rfd8 19. d4 Rxd6 20. a3 a5 21. Qe3 Rad8 22. h3 b4 23. axb4 axb4 24. Kh2 Rc8 25. Rac1 Rdc6 26. Rc2 Bh6 27. Rfc1 bxc3 28. bxc3 Qc7 29. g3 Rc4 30. Qd3 Qc6 31. h4 Bg7 32. Rd1 Rxc3 33. Rxc3 Qxc3 34. Qxc3 Rxc3 35. d5 exd5 36. Rxd5 h5 37. f5 Re3 38. fxg6 fxg6 39. Rd2 Be5 40. Rg2 Kg7 41. Kh3 Kf6 42. Rf2+ Ke6 43. Rg2 Kf5 44. Rg1 Rxg3+ 45. Rxg3 Bxg3 46. Kxg3 Ke4 47. Kg2 Kf4 48. Kh3 Kf3 0-1


[Site "https://www.chess.com"]

[Event "Titled Tuesday Blitz January 03 Late 2023"]
[White "Lacasa Diaz, Jose Antonio"]
[Black "Mesic, Ismet"]
[WhiteFideId "2203375"]
[BlackFideId "14411105"]
[WhiteElo "2359"]
[BlackElo "2190"]
[Result "1-0"]
[Round "03"]
[TimeControl "180+2"]
[Date "2023.01.03"]
[WhiteClock "0:01:36"]
[BlackClock "0:01:24"]

1. e4 e6 2. d4 d5 3. e5 c5 4. c3 Nc6 5. Nf3 Qb6 6. a3 a5 7. Bd3 a4 8. O-O g6 9. Nbd2 c4 10. Bc2 Na5 11. Bxa4+ Nc6 12. Bc2 Bg7 13. Re1 Nge7 14. Nf1 O-O 15. h4 h5 16. Ne3 Bd7 17. Ng5 Na5 18. g4 Nb3 19. Rb1 Nxc1 20. Qxc1 Bh6 21. gxh5 Kh8 22. f4 gxh5 23. Qd1 Nf5 24. Qxh5 Kg7 25. Kf2 Nxe3 26. Rxe3 f5 27. Rg3 Bxg5 28. Rxg5# 1-0


[Site "https://www.chess.com"]

[Event "Titled Tuesday Blitz January 03 Late 2023"]
[White "Suvorov, Luca"]
[Black "Zakarian, David"]
[WhiteFideId "12977071"]
[BlackFideId "13301276"]
[WhiteElo "2310"]
[BlackElo "2306"]
[Result "1-0"]
[Round "03"]
[TimeControl "180+2"]
[Date "2023.01.03"]
[WhiteClock "0:00:16"]
[BlackClock "0:01:07"]

1. d4 Nf6 2. c4 e6 3. Nf3 b6 4. a3 Ne4 5. Nfd2 Nxd2 6. Bxd2 Bb7 7. f3 d5 8. cxd5 exd5 9. Nc3 Qh4+ 10. g3 Qxd4 11. Bf4 Qxd1+ 12. Rxd1 c6 13. e4 dxe4 14. Nxe4 Nd7 15. Rxd7 Kxd7 16. Bh3+ Ke8 17. Kf2 f6 18. Re1 Kf7 19. Rd1 Bc8 20. Bxc8 Rxc8 21. Rd7+ Kg8 22. Rxa7 f5 23. Ng5 Bc5+ 24. Kg2 Re8 25. Nf7 Re2+ 26. Kf1 Rxb2 27. Nxh8 Rf2+ 28. Ke1 g5 29. Ra8+ Kg7 30. Be5+ Kh6 31. Rg8 Rxf3 32. Nf7+ Kh5 33. Rxg5# 1-0


[Site "https://www.chess.com"]

[Event "Titled Tuesday Blitz January 03 Late 2023"]
[White "Adewumi, Tanitoluwa"]
[Black "Sailer, Mike"]
[WhiteFideId "30966396"]
[BlackFideId "2012901"]
[WhiteElo "2283"]
[BlackElo "2109"]
[Result "1-0"]
[Round "03"]
[TimeControl "180+2"]
[Date "2023.01.03"]
[WhiteClock "0:00:10"]
[BlackClock "0:00:13"]

1. e4 d5 2. exd5 Qxd5 3. Nc3 Qd6 4. d4 Nf6 5. Nf3 c6 6. Ne5 Nbd7 7. Bf4 Qb4 8. a3 Qa5 9. Bc4 e6 10. O-O Nxe5 11. Bxe5 Be7 12. Qf3 O-O 13. Bd3 c5 14. dxc5 Qxc5 15. Bxf6 Bxf6 16. Ne4 Qe7 17. Rae1 Bd7 18. Nxf6+ Qxf6 19. Qxb7 Rfd8 20. Re3 Rab8 21. Qxa7 Rxb2 22. Rf3 Qc3 23. Bxh7+ Kxh7 24. Rxc3 Bb5 25. Rh3+ Kg8 26. Re1 Be2 27. Re3 Bg4 28. h3 Bf5 29. Qe7 Rd2 30. Qe8+ Kh7 31. Qxf7 Rbxc2 32. Qh5+ Kg8 33. Rxe6 Bxe6 34. Rxe6 Rxf2 35. Re8+ Rf8 36. Qd5+ Kh7 37. Rxf8 1-0


[Site "https://www.chess.com"]

[Event "Titled Tuesday Blitz January 03 Late 2023"]
[White "Mathur, Rithwik"]
[Black "Gatineau, Yovann"]
[WhiteFideId "30913667"]
[BlackFideId "26028999"]
[WhiteElo "2111"]
[BlackElo "2362"]
[Result "0-1"]
[Round "03"]
[TimeControl "180+2"]
[Date "2023.01.03"]
[WhiteClock "0:00:02"]
[BlackClock "0:00:56"]

1. d4 b6 2. Nf3 e6 3. Bf4 Bb7 4. e3 Nf6 5. Nbd2 d6 6. h3 Nbd7 7. Bd3 Be7 8. c3 O-O 9. O-O Re8 10. e4 h6 11. Qe2 Bf8 12. a4 e5 13. dxe5 dxe5 14. Be3 a5 15. Rad1 Qe7 16. Nc4 Nxe4 17. Bxh6 Nec5 18. Bg5 Bxf3 19. Qxf3 Qxg5 0-1


[Site "https://www.chess.com"]

[Event "Titled Tuesday Blitz January 03 Late 2023"]
[White "Mitrovic, Darko R"]
[Black "Dzierzak, Radoslaw"]
[WhiteFideId "927023"]
[BlackFideId "1161407"]
[WhiteElo "2220"]
[BlackElo "2220"]
[Result "0-1"]
[Round "03"]
[TimeControl "180+2"]
[Date "2023.01.03"]
[WhiteClock "0:00:01"]
[BlackClock "0:00:26"]

1. d4 Nf6 2. Nf3 e6 3. g3 c5 4. Bg2 cxd4 5. Nxd4 d5 6. O-O e5 7. Nf3 Nc6 8. c4 d4 9. e3 Be7 10. exd4 exd4 11. b3 O-O 12. Bb2 d3 13. Nc3 Bf5 14. Nd5 Nxd5 15. cxd5 Qxd5 16. Nd4 Qd7 17. Nxf5 Qxf5 18. Qf3 Qxf3 19. Bxf3 Rfd8 20. Rad1 Rac8 21. Be4 d2 22. Bc3 Bb4 23. Bxc6 Bxc3 24. Bxb7 Rc7 25. Bf3 Re7 26. Kg2 g6 27. Rb1 Kg7 28. Rfd1 Re1 29. b4 Rd4 30. b5 Ra4 0-1


[Site "https://www.chess.com"]